 Dungeon Crawl Stone Soup version 0.24.0-13-gcf9b3192b9 (webtiles) character file.

Game seed: 16560010983704092870, levelgen mode: deterministic

28 Esekla the Charmwright (level 3, 0/20 HPs)
             Began as a Deep Elf Skald on Nov 6, 2019.
             Shot with a stone by a goblin (5 damage)
             ... on level 2 of the Dungeon.
             The game lasted 00:05:20 (710 turns).

Esekla the Charmwright (Deep Elf Skald)              Turns: 710, Time: 00:05:21

Health: 0/20       AC:  3    Str:  8    XL:     3   Next: 0%
Magic:  7/9        EV: 12    Int: 17    God:
Gold:   66         SH:  0    Dex: 15    Spells: 3/8 levels left

rFire    . . .     SeeInvis .   a - +0 falchion
rCold    . . .     Gourm    .   (no shield)
rNeg     . . .     Faith    .   b - +0 leather armour
rPois    .         Spirit   .   (no helmet)
rElec    .         Reflect  .   (no cloak)
rCorr    .         Harm     .   (no gloves)
MR       .....                  (no boots)
Stlth    ++........             (no amulet)
HPRegen  0.06/turn              (no ring)
MPRegen  0.11/turn              (no ring)

@: no status effects
A: no striking features
a: no special abilities


You were on level 2 of the Dungeon.
You were not hungry.

You visited 1 branch of the dungeon, and saw 2 of its levels.

You collected 66 gold pieces.

Inventory:

Hand Weapons
 a - a +0 falchion (weapon)
Missiles
 i - 7 curare-tipped darts (quivered)
Armour
 b - a +0 leather armour (worn)
Scrolls
 c - a scroll of blinking {unknown}
 e - a scroll of remove curse {unknown}
 f - a scroll of amnesia {unknown}
Potions
 g - a potion of heal wounds {unknown}
 h - a potion of brilliance {unknown}
Comestibles
 d - 3 rations


   Skills:
 - Level 1.5 Fighting
 + Level 2.2 Long Blades
 + Level 1.5 Armour
 * Level 2.9 Dodging
 + Level 1.0 Stealth
 - Level 3.0 Spellcasting
 - Level 4.4 Charms


You had 3 spell levels left.
You knew the following spells:

 Your Spells              Type           Power        Failure   Level  Hunger
a - Infusion              Chrm           ###.         4%          1    None
b - Shroud of Golubria    Chrm/Tloc      ##....       14%         2    ##.....
c - Song of Slaying       Chrm           ###.....     6%          2    ##.....

Your spell library contained the following spells:

 Spells                   Type           Power        Failure   Level  Hunger
 Regeneration             Chrm/Necr      ##........   30%         3    ###....
 Spectral Weapon          Hex/Chrm       ##......     30%         3    ###....


Dungeon Overview and Level Annotations

Branches:
Dungeon (2/15)

Altars:
Elyvilon


Message History

Your magical infusion is running out.
Found an escape hatch in the floor.
The goblin hits you.
You barely miss the goblin.
You are no longer magically infusing your attacks.
A goblin comes into view.
The goblin closely misses you.
The goblin shouts!
You hit the goblin but do no damage. The goblin closely misses you.
The goblin hits you.
You closely miss the goblin. The goblin hits you.
You closely miss the goblin. The goblin hits you.
* * * LOW HITPOINT WARNING * * *
The goblin wields a +0 hunting sling.
The goblin shoots a stone.
The stone completely misses you.
The goblin shoots a stone.
The stone hits you.
* * * LOW HITPOINT WARNING * * *
You see here a stone.
The goblin shoots a stone.
The stone hits you.
You die...

### ..# #############.#
#..........
#.............####.#.⌠.⌠.#..
#.............#.............
#...†.........#.#..#.....#..
#.###.........#.#....._.....
#..#.# #.........#.#..#.....#..
#..#.# #..####+#@#.#..........>
#..#.###............g(#.⌠.⌠.#..
#..#..##..####)#.#.#g..........
#..##.#........#.#.#..#.....#..
#..##.#........#.#.#(..........
#...........[....#.#.##........
#.......#.####.###.#..........#
#...†...#>.. ..........####.#
.......[####.# ...#.##... .#


You could see 2 goblins.

Vanquished Creatures
  An adder (D:2)
  A dart slug (D:1)
  5 bats
  A giant cockroach (D:1)
  A goblin (D:1)
  4 hobgoblins
  A frilled lizard (D:1)
  3 rats (D:1)
17 creatures vanquished.

Notes
Turn   | Place    | Note
-------+----------+-------------------------------------------
     0 | D:1      | Esekla the Deep Elf Skald began the quest for the Orb.
     0 | D:1      | Reached XP level 1. HP: 12/12 MP: 6/6
   239 | D:1      | Reached skill level 1 in Armour
   260 | D:1      | Reached XP level 2. HP: 12/16 MP: 8/8
   327 | D:1      | Learned a level 2 spell: Shroud of Golubria
   330 | D:1      | Learned a level 2 spell: Song of Slaying
   496 | D:1      | Reached skill level 1 in Stealth
   673 | D:2      | Reached XP level 3. HP: 16/20 MP: 2/9
   693 | D:2      | Found a white marble altar of Elyvilon.
   710 | D:2      | Shot with a stone by a goblin

Levels and vault maps discovered:
D:1:      minmay_arrival_glassed_features, layout_basic
D:2:      layout_basic, elyvilon_altar_5

Skill      XL: |  1  2 |
---------------+-------+-----
Armour         | 1 |  1.5
Long Blades    | 2 |  2.2
Stealth        | 1 |  1.0
Fighting       | |  1.5
Dodging        | |  2.9
Spellcasting   | |  3.0
Charms         | |  4.4

Action                   || total
-------------------------++-------
Melee: Falchion          ||    58
 Cast: Infusion          ||     4
       Shroud of Golubri ||     2
Armor: Leather armour    ||    13
Dodge: Dodged            ||    37
       Rpst.: Falchion   ||    10
